 Dungeon Crawl Stone Soup version 0.25-a0-502-g6516661a7a (console) character file.

Game seed: 1359030655483037981, levelgen mode: deterministic

1465470 utis the Impregnable (level 27, 184/184 HPs)
             Began as a Tengu Wanderer on Feb 10, 2020.
             Escaped with the Orb
             ... and 3 runes on Feb 12, 2020!
             The game lasted 05:10:24 (105358 turns).

utis the Impregnable (Tengu Wanderer)             Turns: 105358, Time: 05:10:25

Health: 184/184    AC: 46    Str: 25    XL:     27
Magic:  31/31      EV: 26    Int: 15    God:
Gold:   582        SH: 16    Dex: 15    Spells: 21/36 levels left

rFire    . . .     SeeInvis +   a - +9 demon whip (freeze)
rCold    . . .     Gourm    .   K - +2 kite shield {reflect}
rNeg     + + +     Faith    .   u - +10 plate armour {rC+}
rPois    +         Spirit   .   A - +4 hat of the Shining Light {rElec rN++ Int-3 Stlth+}
rElec    +         Reflect  +   D - +2 cloak {MR+}
rCorr    .         Harm     .   r - +2 pair of gloves {Str+3}
MR       +++++     Clarity  +   (boots unavailable)
Stlth    ..........             G - amulet of the Four Winds {rN+ MR+++ Clar}
HPRegen  0.40/turn              v - ring "Nouxkuff" {rPois rC- Int+5 Slay+3 SInv}
MPRegen  0.22/turn              O - +3 ring of protection

@: flying quickly and evasively, quick
A: antennae 1, beak, talons 3, low mp 1, magic resistance 1, weak 1, able to fly
0: Orb of Zot
}: 3/15 runes: barnacled, silver, gossamer
a: Stop Flying


You escaped.
You were full.

You visited 9 branches of the dungeon, and saw 49 of its levels.
You visited the Abyss 1 time.
You visited 2 bazaars.
You also visited: Gauntlet.

You collected 10005 gold pieces.
You spent 9423 gold pieces at shops.

Inventory:

Hand Weapons
 a - a +9 demon whip of freezing (weapon)
 b - the +7 sceptre of Torment {pain, torment}
   (You bought it in a shop on level 15 of the Dungeon)

   In the hands of one skilled in necromantic magic, it inflicts extra damage on
   living creatures.
Missiles
 j - 27 silver javelins
 l - 3 boomerangs of dispersal {=f}
 s - 90 boomerangs
 y - 13 poisoned darts
 I - 26 curare-tipped darts {=f}
 Q - 55 javelins (quivered)
 U - 8 throwing nets {=f}
Armour
 r - a +2 pair of gloves of strength (worn)
 u - a +10 plate armour of cold resistance (worn)
 A - the +4 hat of the Shining Light (worn) {rElec rN++ Int-3 Stlth+}
   (You found it in a Gauntlet)

   It affects your intelligence (-3).
   It insulates you from electricity.
   It greatly protects you from negative energy.
   It makes you more stealthy.
   If you remove this armour, your AC will decrease by 4 (46 -> 42).
 D - a +2 cloak of magic resistance (worn)
 K - a +2 kite shield of reflection (worn)
Magical Staves
 Y - an uncursed staff of wizardry {!a}
Jewellery
 f - an uncursed ring of fire
 g - an uncursed amulet of regeneration {@e1}
 v - the ring "Nouxkuff" (left hand) {rPois rC- Int+5 Slay+3 SInv}
   (You took it off a big kobold on level 13 of the Dungeon)

   [ring of see invisible]

   It affects your intelligence (+5).
   It affects your accuracy and damage with ranged weapons and melee attacks
   (+3).
   It makes you vulnerable to cold.
   It protects you from poison.
   It lets you see invisible.
 C - the ring of Anarchy {Ice rPois MR+ Int-3 Dex+3}
   (You found it on level 2 of the Shoals)

   [ring of ice]

   It enhances your ice magic.
   It affects your intelligence (-3).
   It affects your dexterity (+3).
   It makes you vulnerable to fire.
   It protects you from cold.
   It protects you from poison.
   It affects your resistance to hostile enchantments.
 G - the amulet of the Four Winds (around neck) {rN+ MR+++ Clar}
   (You found it on level 5 of the Vaults)

   [amulet of nothing]

   It protects you from negative energy.
   It affects your resistance to hostile enchantments.
   It protects you against confusion.
 O - a +3 ring of protection (right hand)
Wands
 n - a wand of digging (20)
 z - a wand of paralysis (29)
 M - a wand of iceblast (25)
 N - a wand of scattershot (4)
 R - a wand of acid (26)
 T - a wand of disintegration (41) {@e1}
Scrolls
 i - 2 scrolls of fear
 p - 3 scrolls of blinking
 w - 9 scrolls of magic mapping
 B - 12 scrolls of fog
 H - 21 scrolls of teleportation {@r4}
 J - 12 scrolls of identify {@r1}
 W - 5 scrolls of remove curse {@r2}
Potions
 c - 26 potions of curing {@q1}
 d - 3 potions of haste {@q3}
 e - 4 potions of invisibility
 o - 2 potions of might
 q - 5 potions of cancellation
 x - 5 potions of agility
 P - 3 potions of resistance
 S - 6 potions of ambrosia
 V - 2 potions of berserk rage {!q}
 Z - 7 potions of magic
Miscellaneous
 m - a lightning rod (4/4)
 E - a lamp of fire
 F - 2 boxes of beasts
Comestibles
 X - 83 rations {@e1}


   Skills:
 + Level 22.2 Fighting
 - Level 17.8(19.0) Maces & Flails
   Level 7.6(10.8) Polearms
 - Level 12.1(16.8) Staves
   Level 2.1 Bows
 - Level 8.0 Throwing
 + Level 24.2 Armour
 + Level 23.2 Dodging
 - Level 2.0 Stealth
 - Level 15.0 Shields
 - Level 5.0 Spellcasting
 - Level 5.0 Summonings
 - Level 15.0 Necromancy
 - Level 5.0 Translocations
 - Level 14.0 Evocations


You had 21 spell levels left.
You knew the following spells:

 Your Spells              Type           Power        Failure   Level  Hunger
d - Animate Dead          Necr           N/A          1%          4    ####...
n - Animate Skeleton      Necr           N/A          1%          1    None
o - Corpse Rot            Necr/Air       N/A          4%          2    ##.....
v - Blink                 Tloc           N/A          12%         2    ##.....
y - Agony                 Necr           #####...     3%          5    ######.
B - Summon Butterflies    Summ           ###.....     9%          1    None

Your spell library contained the following spells:

 Spells                   Type           Power        Failure   Level  Hunger
 Pain                     Necr           ####         1%          1    None
 Vampiric Draining        Necr           #####.....   1%          3    ###....
 Apportation              Tloc           ###...       9%          1    None
 Summon Small Mammal      Summ           ###.         9%          1    None
 Call Imp                 Summ           ###.....     12%         2    ##.....
 Call Canine Familiar     Summ           ###.....     24%         3    ###....
 Gell's Gravitas          Tloc           ###.......   24%         3    ###....
 Lesser Beckoning         Tloc           ###.......   24%         3    ###....
 Recall                   Summ/Tloc      N/A          24%         3    ###....
 Shroud of Golubria       Chrm/Tloc      ##....       34%         2    ##.....
 Beastly Appendage        Tmut           #.....       54%         1    None
 Corona                   Hex            #......      54%         1    None
 Foxfire                  Conj/Fire      #...         54%         1    None
 Infusion                 Chrm           #...         54%         1    None
 Magic Dart               Conj           #...         54%         1    None
 Sandblast                Erth           #.....       54%         1    None
 Shock                    Conj/Air       #...         54%         1    None
 Sting                    Tmut/Pois      #...         54%         1    None
 Portal Projectile        Hex/Tloc       ##....       56%         3    ###....
 Summon Guardian Golem    Hex/Summ       ##......     56%         3    ###....
 Passwall                 Tmut/Erth      #.......     67%         2    ##.....
 Poisonous Vapours        Pois/Air       #.....       67%         2    ##.....
 Slow                     Hex            #.......     67%         2    ##.....
 Song of Slaying          Chrm           #.......     67%         2    ##.....
 Sticks to Snakes         Tmut           #.......     67%         2    ##.....
 Swiftness                Chrm/Air       #.......     67%         2    ##.....
 Confusing Touch          Hex            #.......     88%         3    ###....
 Conjure Flame            Conj/Fire      #.......     88%         3    ###....
 Inner Flame              Hex/Fire       #.......     88%         3    ###....
 Mephitic Cloud           Conj/Pois/Air  #.......     88%         3    ###....
 Ozocubu's Armour         Chrm/Ice       #.......     88%         3    ###....
 Spectral Weapon          Hex/Chrm       #.......     88%         3    ###....
 Spider Form              Tmut/Pois      #.........   88%         3    ###....
 Static Discharge         Conj/Air       #.......     88%         3    ###....
 Stone Arrow              Conj/Erth      #.....       88%         3    ###....
 Tukima's Dance           Hex            #.......     88%         3    ###....
 Summon Ice Beast         Ice/Summ       ##......     92%         4    ####...
 Summon Lightning Spire   Summ/Air       ##......     92%         4    ####...
 Summon Forest            Summ/Tloc      ###.......   92%         5    ######.
 Airstrike                Air            #.........   99%         4    ####...
 Cause Fear               Hex            #.........   99%         4    ####...
 Ice Form                 Ice/Tmut       #.......     99%         4    ####...
 Leda's Liquefaction      Hex/Erth       #.........   99%         4    ####...
 Olgreb's Toxic Radiance  Pois           #.......     99%         4    ####...
 Petrify                  Tmut/Erth      #.......     99%         4    ####...
 Sticky Flame             Conj/Fire      #.......     99%         4    ####...
 Alistair's Intoxication  Tmut/Pois      #.......     100%        5    ######.
 Blade Hands              Tmut           #.........   100%        5    ######.
 Bolt of Magma            Conj/Fire/Erth #.........   100%        5    ######.
 Fireball                 Conj/Fire      #.........   100%        5    ######.
 Irradiate                Conj/Tmut      #.........   100%        5    ######.
 Iskenderun's Battlesphe  Conj/Chrm      #.......     100%        5    ######.
 Lee's Rapid Deconstruct  Erth           #.........   100%        5    ######.
 Lightning Bolt           Conj/Air       #.........   100%        5    ######.
 Metabolic Englaciation   Hex/Ice        #.........   100%        5    ######.
 Yara's Violent Unravell  Hex/Tmut       #.........   100%        5    ######.
 Darkness                 Hex            #.........   100%        6    #######
 Eringya's Noxious Bog    Tmut/Pois      #.........   100%        6    #######
 Freezing Cloud           Conj/Ice/Air   #.........   100%        6    #######
 Hydra Form               Tmut           #.........   100%        6    #######
 Invisibility             Hex            #.......     100%        6    #######
 Iron Shot                Conj/Erth      #.........   100%        6    #######
 Statue Form              Tmut/Erth      #........    100%        6    #######
 Dragon Form              Tmut           #.........   100%        7    #######
 Orb of Destruction       Conj           #.........   100%        7    #######
 Ring of Flames           Chrm/Fire      #.........   100%        7    #######
 Spellforged Servitor     Conj/Summ      ##........   100%        7    #######
 Summon Hydra             Summ           ###.......   100%        7    #######
 Chain Lightning          Conj/Air       #.........   100%        8    #######
 Lehudib's Crystal Spear  Conj/Erth      #.........   100%        8    #######
 Dragon's Call            Summ           ###.......   100%        9    #######
 Fire Storm               Conj/Fire      #.........   100%        9    #######
 Glaciate                 Conj/Ice       #.........   100%        9    #######
 Passage of Golubria      Tloc           Unusable     N/A         4    N/A

Dungeon Overview and Level Annotations

Branches:
Dungeon (15/15)            Temple (0/1) D:5            Lair (6/6) D:10
 Shoals (4/4) Lair:2       Spider (4/4) Lair:4        Slime (0/5) Lair:6
    Orc (2/2) D:9             Elf (3/3) Orc:2        Vaults (5/5) D:13
  Crypt (0/3) Vaults:3     Depths (5/5) D:15            Zot (5/5) Depths:5
Gauntlet (visited)

Altars:
Cheibriados
Gozag
Kikubaaqudgha
Makhleb
Nemelex Xobeh
Okawaru
Qazlal
Trog
Wu Jian
Xom
Yredelemnul
The Shining One
Beogh
Jiyva

Shops:
D:15 ((!(   Orc:2 (:(*[   Elf:1 [   Shoals:1 [   Shoals:2 *(*   Vaults:1 !
Vaults:3 *   Vaults:5 :   Depths:1 *?%*}![   Depths:5 !(:

Portals:
Hell: Depths:1 Depths:2 Depths:3 Depths:4 Depths:5
Abyss: Depths:3 Depths:4
Pandemonium: Depths:3
Ziggurat: Depths:5
Trove: Elf:1 (give +4 shadow dragon scales)

Annotations:
D:6 Boris
D:14 Roxanne
Spider:4 3 runed translucent doors, Calas's ghost, adept MiGl
Elf:2 4 runed translucent doors, emiel's ghost, adept FoWn
Elf:3 1 runed translucent door, Caider's ghost, adept HOFi
Vaults:3 3 runed translucent doors, exclusion: obsidian statue, Moutitz's ghost, adept MiFi
Zot:5 exclusion: orange crystal statue


Innate Abilities, Weirdness & Mutations

You have a beak for a mouth.
You have claws for feet.
You can fly continuously.
You have a pair of small antennae on your head.
Your magical capacity is low. (-10% MP)
You are resistant to hostile enchantments. (MR+)
You are weak. (Str -2)


Message History

Your plate armour prevents you from hitting the tormentor.
Your kick misses the tormentor.
The tormentor is moderately wounded.
You barely miss the tormentor. Your kick misses the tormentor.
The tormentor is moderately wounded.
The tormentor misses you. You block the tormentor's attack.
You thrash the tormentor!! You freeze the tormentor!
You kill the tormentor!
There is a stone staircase leading up here.
You fly upwards.
There is a stone staircase leading down here.
A shadow demon comes into view.
The shadow demon moves out of view.
A sixfirhy comes into view.
An Orb Guardian comes into view.
The sixfirhy hits you but does no damage.
The sixfirhy completely misses you. You block the sixfirhy's attack.
There is a staircase leading out of the dungeon here.
The sixfirhy misses you. You block the sixfirhy's attack.
You have escaped!

........░░░...........░░..░░░░░░░
....░░..░░............░░......░░░
....░░░.░....≈≈≈.≈≈≈...░.........
....░ ░.....≈≈.....≈≈............
....░ ░..2.≈≈..8..♣.≈≈...░.......
....░░░...≈≈.♣.......≈≈..░....░░░
....░.....≈...........≈..░....░
░░░.░.░)..≈.....3..8..≈..░....░
░.░.░...≈≈..8.QX...≈≈..░....░
░g░.░....≈≈......[≈≈...░░░░░░
░.░.░.....≈≈...♣.≈≈....░
░.░.░......≈≈≈≈≈≈≈....░░ ░░░░░
░.░.░................░░ ░...░
░.░.░░░░░..........)░░░░░░...░
░.░.........░................░
░.....░░░░░.░.░░░░...........░░
░░░░░.░ ░.░.░ ░>............


You could see an Orb Guardian, a shadow demon and a sixfirhy.

Vanquished Creatures
  3 ancient liches
  Mara (Vaults:4)
  3 orbs of fire
  Mennas (Vaults:4)
  Sojobo (Vaults:3)
  3 juggernauts
  Boris (thrice) (Depths:4 Vaults:5 Depths:1)
  5 Killer Klowns (Zot:5)
  The ghost of Neulin the Warrior, a veteran TrFi of Makhleb (Orc:2)
  Saint Roka (Orc:2)
  4 curse toes
  9 golden dragons
  Arachne (Spider:4)
  The ghost of Rov Woulue the Black Belt, an adept MfTm of Cheibriados (Vaults:2)
  11 tentacled monstrosities
  A hellephant (Depths:2)
  27 Orb Guardians
  3 quicksilver dragons
  Rupert (D:15)
  Asterion (Vaults:2)
  6 titans (Vaults:5)
  3 deep elf master archers (Elf:3)
  The ghost of Rollo the Peltast, an adept TrMo of Okawaru (Spider:2)
  3 deep elf blademasters (Elf:3)
  4 sphinxes
  2 tentacled starspawn (Abyss:3)
  9 death cobs
  10 tengu reavers
  A kraken (Shoals:2)
  12 storm dragons
  8 shadow dragons
  Donald (Vaults:4)
  7 draconian monks
  4 draconian knights
  9 fire giants
  A ghost moth (shapeshifter) (Vaults:5)
  7 deep elf sorcerers
  7 frost giants
  3 orc warlords
  3 deep elf elementalists (Elf:3)
  Aizul (Spider:2)
  2 iron dragons
  7 ghost moths
  7 draconian shifters
  8 draconian scorchers
  A juggernaut zombie (Depths:1)
  A caustic shrike zombie (Depths:2)
  A draconian annihilator (Zot:1)
  2 spriggan defenders
  4 draconian stormcallers
  5 emperor scorpions
  22 ironheart preservers
  16 vault wardens
  A war gargoyle (Vaults:5)
  A ghoul (Vaults:1)
  An entropy weaver (shapeshifter) (Vaults:5)
  21 very ugly things
  A vampire knight (Depths:3)
  19 stone giants
  9 green draconians
  13 deep elf annihilators
  11 black draconians
  17 yellow draconians
  5 entropy weavers
  17 dire elephants (Depths:2)
  8 white draconians
  18 red draconians
  2 minotaurs
  5 spark wasps
  7 deep elf demonologists
  11 purple draconians
  A blizzard demon (Depths:3)
  3 merfolk javelineers (Shoals:4)
  14 ettins
  Snorg (D:12)
  A green death (Gauntlet)
  A crystal guardian (Vaults:4)
  6 deep elf death magi
  19 yaktaur captains
  7 deep elf high priests
  12 fire dragons
  11 merfolk impalers
  28 vault guards
  5 hydras
  5 rakshasas
  14 great orbs of eyes
  A naga warrior (Elf:1)
  7 ice dragons
  6 spriggan air magi
  A merfolk avatar (Shoals:4)
  13 centaur warriors
  14 ogre magi
  A satyr (shapeshifter) (Vaults:5)
  4 alligator snapping turtles
  A two-headed ogre (shapeshifter) (Vaults:1)
  9 dancing weapons
  3 merfolk aquamancers
  12 deep troll earth magi
  33 two-headed ogres
  A death scarab (Gauntlet)
  6 deep troll shamans
  3 death yaks (Lair:5)
  3 death knights
  A vampire mage (D:15)
  4 tengu warriors
  Urug (Lair:4)
  3 orc high priests
  5 spriggan berserkers
  A wretched star (Abyss:3)
  An iron troll (Depths:1)
  3 sun demons
  35 deep elf knights
  7 hell knights
  A shadow wraith (D:13)
  7 skeletal warriors
  3 sixfirhies
  A spark wasp zombie (Depths:1)
  10 sea snakes
  A salamander mystic (Depths:3)
  21 deep trolls
  3 unseen horrors
  A death drake (shapeshifter) (Vaults:3)
  7 flayed ghosts
  4 phantasmal warriors
  24 deep elf archers
  2 lindwurms (shapeshifter)
  7 wizards
  A frost giant zombie (D:15)
  33 wolf spiders
  4 necromancers
  17 orb spiders
  Pikel (D:7)
  26 harpies
  A harpy (shapeshifter) (Depths:1)
  16 ironbrand convokers
  16 orc knights
  6 orc sorcerers
  47 ugly things
  An orb spider (shapeshifter) (Depths:3)
  98 deep elf magi
  A cyclops (shapeshifter) (Depths:3)
  11 manticores
  23 moths of wrath
  6 cyclopes
  5 fauns
  2 large abominations
  9 salamanders
  20 black mambas
  A guardian serpent (Lair:6)
  7 merfolk sirens
  9 elephants
  12 vault sentinels
  A stone giant skeleton (Depths:1)
  2 smoke demons
  A water nymph (shapeshifter) (Vaults:5)
  3 gargoyles
  2 water nymphs
  8 spiny frogs
  Maggie (D:7)
  2 hellions
  An ice statue (Gauntlet)
  2 torpor snails
  2 orange demons
  An elf zombie (Depths:1)
  5 rime drakes
  3 hellwings
  87 yaktaurs
  A tormentor (D:2)
  5 tengu conjurers
  10 freezing wraiths
  9 polar bears (Lair:6)
  10 komodo dragons
  11 demonic crawlers
  A polar bear (shapeshifter) (Vaults:4)
  30 merfolk
  A meliai (shapeshifter) (Vaults:5)
  A red devil (Depths:1)
  2 hornets (shapeshifter)
  A yaktaur skeleton (D:15)
  6 trolls
  22 jumping spiders
  A troll (shapeshifter) (Vaults:1)
  4 wind drakes
  A tengu simulacrum (Vaults:3)
  A blink frog (shapeshifter) (Depths:4)
  30 slime creatures
  Prince Ribbit (D:5)
  9 hippogriffs
  A raiju (Lair:6)
  A wind drake (shapeshifter) (Vaults:5)
  17 hornets
  A hippogriff (shapeshifter) (Vaults:3)
  A raiju (shapeshifter) (Vaults:1)
  6 dream sheep (Lair:6)
  15 blink frogs
  14 snapping turtles
  A fire giant simulacrum (Depths:1)
  A stone giant simulacrum (Depths:1)
  A frost giant simulacrum (Depths:1)
  A flying skull (Abyss:3)
  4 shadows
  3 spriggans
  A vampire (D:12)
  17 water elementals
  A deep troll skeleton (D:15)
  57 redbacks
  4 air elementals
  9 wyverns
  An elf simulacrum (Depths:1)
  An ettin skeleton (D:15)
  2 wraiths (Vaults:1)
  3 fire bats (Depths:1)
  A hog (shapeshifter) (Vaults:3)
  2 basilisks
  A human (shapeshifter) (Vaults:5)
  25 tarantellas
  2 golden eyes (Zot:3)
  A chaos spawn (D:9)
  2 hungry ghosts
  50 yaks
  A vampire mosquito (D:13)
  3 small abominations
  Menkaure (D:5)
  A spectral spiny frog (Gauntlet)
  10 wargs
  5 acid dragons
  21 water moccasins
  A floating eye (Depths:3)
  7 porcupines
  17 hell hounds
  47 orc warriors
  A hornet zombie (D:13)
  A black bear (shapeshifter) (Vaults:5)
  5 ice beasts
  4 sky beasts
  13 black bears
  A necrophage (D:9)
  An eye of draining (D:11)
  An eye of draining (shapeshifter) (D:15)
  3 phantoms
  19 boggarts
  25 wolves
  33 ogres
  29 centaurs
  9 crocodiles
  A wolf (shapeshifter) (Elf:3)
  2 big kobolds (D:13)
  3 earth elementals
  14 bullfrogs
  A wyvern zombie (D:14)
  A scorpion (shapeshifter) (Vaults:5)
  6 scorpions
  12 killer bees
  8 howler monkeys
  8 wights (D:9)
  5 electric eels
  4 crimson imps
  3 bullfrog zombies
  2 quasits
  6 centaur zombies
  A yaktaur simulacrum (Depths:1)
  4 bullfrog skeletons
  8 jellies
  29 orc wizards
  Crazy Yiuf (D:5)
  15 hounds
  A gnoll shaman (D:4)
  20 orc priests
  3 centaur skeletons
  An iron imp (Abyss:3)
  3 iguanas
  14 worker ants
  4 hound skeletons
  2 hound zombies
  A worker ant zombie (D:10)
  7 gnolls
  13 adders
  8 shadow imps
  An ooze (D:2)
  2 adder zombies
  An adder skeleton (D:5)
  3 worms
  3 dart slugs
  8 leopard geckos
  96 orcs
  6 bats
  A giant cockroach (D:3)
  9 goblins
  9 hobgoblins
  10 jackals
  6 quokkas
  3 frilled lizards
  12 kobolds
  A quokka skeleton (D:8)
  7 rats
  A butterfly (Lair:5)
  A starspawn tentacle (Abyss:3)
  4 tentacles (Shoals:2)
2377 creatures vanquished.

Vanquished Creatures (others)
  2 deep elf master archers (Elf:3)
  A draconian knight (Depths:5)
  A yaktaur captain (Depths:5)
  A dancing weapon (Elf:2)
  A deep elf knight (Elf:2)
  A deep elf archer (Elf:1)
  An ironbrand convoker (Vaults:5)
  A yaktaur (Depths:5)
  2 slaves (D:7)
  A boggart (Vaults:2)
  12 demonic plants (Gauntlet)
  123 fungi
  130 plants
  6 starspawn tentacles (Abyss:3)
  7 tentacles (Shoals:2)
  4 withered plants
294 creatures vanquished.

Grand Total: 2671 creatures vanquished

Notes
Turn   | Place    | Note
-------+----------+-------------------------------------------
     0 | D:1      | utis the Tengu Wanderer began the quest for the Orb.
     0 | D:1      | utis set off with the following items: a +2 spear, a +0
                  | ring mail, a potion of curing {@q1}, a +0 dagger, a ration
                  | {@e1}
     0 | D:1      | Reached XP level 1. HP: 12/12 MP: 2/2
    86 | D:1      | Reached XP level 2. HP: 16/16 MP: 3/3
   660 | D:1      | Reached XP level 3. HP: 19/20 MP: 4/4
  1056 | D:2      | Found an ornate altar of the Wu Jian Council.
  1402 | D:2      | Found an iron altar of Okawaru.
  1581 | D:2      | Reached XP level 4. HP: 20/26 MP: 5/5
  2271 | D:3      | Found a snail-covered altar of Cheibriados.
  2440 | D:3      | Gained mutation: You can fly continuously. [Tengu growth]
  2440 | D:3      | Reached XP level 5. HP: 19/31 MP: 6/6
  2966 | D:3      | Found a burning altar of Makhleb.
  3465 | D:4      | Reached skill level 2 in Armour
  3508 | D:4      | Reached XP level 6. HP: 36/36 MP: 7/7
  4336 | D:4      | Reached skill level 3 in Armour
  4555 | D:4      | Reached XP level 7. HP: 37/41 MP: 8/8
  5194 | D:4      | Reached skill level 4 in Armour
  5219 | D:4      | Found a glowing golden altar of the Shining One.
  5399 | D:4      | Found a bloodstained altar of Trog.
  5695 | D:5      | Entered Level 5 of the Dungeon
  5717 | D:4      | Reached skill level 5 in Polearms
  5865 | D:5      | Noticed Menkaure
  6298 | D:5      | Killed Menkaure
  6298 | D:5      | Reached skill level 5 in Armour
  6298 | D:5      | Reached XP level 8. HP: 11/48 MP: 9/9
  6649 | D:5      | Reached skill level 6 in Armour
  7049 | D:5      | Reached skill level 5 in Fighting
  7270 | D:5      | Found a staircase to the Ecumenical Temple.
  7664 | D:5      | Found a runed translucent door.
  7665 | D:5      | Noticed Crazy Yiuf
  7726 | D:5      | Reached skill level 7 in Armour
  7977 | D:5      | Noticed Prince Ribbit
  8001 | D:5      | Killed Prince Ribbit
  8001 | D:5      | Reached XP level 9. HP: 48/54 MP: 10/10
  8174 | D:5      | Killed Crazy Yiuf
  8324 | D:6      | Reached skill level 8 in Armour
  9681 | D:7      | Noticed Maggie
  9692 | D:7      | Killed Maggie
  9692 | D:7      | Reached skill level 9 in Armour
  9951 | D:7      | Reached skill level 1 in Maces & Flails
 10188 | D:7      | Reached XP level 10. HP: 37/61 MP: 11/11
 10302 | D:7      | Noticed Pikel
 10313 | D:7      | Killed Pikel
 10574 | D:8      | Reached skill level 10 in Armour
 10929 | D:8      | Killed an unseen horror
 11214 | D:8      | Reached skill level 5 in Maces & Flails
 11332 | D:8      | Found a stormy altar of Qazlal.
 12078 | D:9      | Found a staircase to the Orcish Mines.
 12294 | D:9      | Reached skill level 5 in Dodging
 12359 | D:9      | Found a sparkling altar of Nemelex Xobeh.
 12555 | D:9      | Reached XP level 11. HP: 68/68 MP: 12/12
 12717 | D:9      | Got a crude quarterstaff
 12718 | D:9      | Identified the +11 quarterstaff of Larhedav {drain, Dex+4}
                  | (You found it on level 9 of the Dungeon)
 13047 | D:10     | Entered Level 10 of the Dungeon
 13219 | D:10     | Reached skill level 1 in Evocations
 13230 | D:10     | Found a staircase to the Lair.
 14786 | D:11     | Noticed a manticore
 14920 | D:11     | Killed a manticore
 14920 | D:11     | Reached skill level 5 in Evocations
 15028 | D:11     | Noticed a green ugly thing
 15044 | D:11     | Killed a green ugly thing
 15218 | D:11     | Reached skill level 11 in Armour
 15225 | D:11     | Noticed a two-headed ogre
 15235 | D:11     | Killed a two-headed ogre
 16053 | Lair:1   | Entered Level 1 of the Lair of Beasts
 16126 | Lair:1   | Found a gate leading to a gauntlet.
 16132 | Gauntlet | Entered a Gauntlet
 16132 | Gauntlet | Found a transporter.
 16141 | Gauntlet | Noticed a fire crab
 16143 | Gauntlet | Found a transporter.
 16158 | Gauntlet | Found a transporter.
 16160 | Gauntlet | Found a large runed translucent door.
 16161 | Gauntlet | Found a large runed translucent door.
 16162 | Gauntlet | Found a large runed translucent door.
 16162 | Gauntlet | Found a large runed translucent door.
 16162 | Gauntlet | Found a runed translucent door.
 16163 | Gauntlet | Found a transporter.
 16164 | Gauntlet | Found a runed translucent door.
 16165 | Gauntlet | Found a large runed translucent door.
 16165 | Gauntlet | Found a large runed translucent door.
 16166 | Gauntlet | Found a large runed translucent door.
 16167 | Gauntlet | Found a large runed translucent door.
 16173 | Gauntlet | Found a large runed translucent door.
 16173 | Gauntlet | Found a large runed translucent door.
 16174 | Gauntlet | Found a large runed translucent door.
 16174 | Gauntlet | Found a large runed translucent door.
 16175 | Gauntlet | Found a large runed translucent door.
 16175 | Gauntlet | Found a large runed translucent door.
 16176 | Gauntlet | Found a runed translucent gate.
 16176 | Gauntlet | Found a runed translucent gate.
 16176 | Gauntlet | Found a runed translucent gate.
 16178 | Gauntlet | Found a transporter.
 16188 | Gauntlet | Found a large runed translucent door.
 16189 | Gauntlet | Found a large runed translucent door.
 16197 | Gauntlet | Found a transporter.
 16197 | Gauntlet | Noticed a ghost crab
 16209 | Gauntlet | Found a transporter.
 16209 | Gauntlet | Noticed a hell beast
 16221 | Gauntlet | Found a transporter.
 16233 | Gauntlet | Found a transporter.
 16234 | Gauntlet | Noticed a green death
 16245 | Gauntlet | Found a transporter.
 16262 | Gauntlet | Found a transporter.
 16280 | Gauntlet | Found a transporter.
 16282 | Gauntlet | Found a transporter.
 16283 | Gauntlet | Noticed a death scarab
 16307 | Gauntlet | Found a transporter.
 16309 | Gauntlet | Found a transporter.
 16329 | Gauntlet | Found a transporter.
 16409 | Gauntlet | Found a transporter.
 16431 | Gauntlet | Found a transporter.
 17597 | Gauntlet | Reached XP level 12. HP: 71/75 MP: 16/16
 17604 | Gauntlet | Killed a death scarab
 17699 | Gauntlet | Killed a green death
 17713 | Gauntlet | Got a faintly glowing hat
 17719 | Gauntlet | Identified the +4 hat of the Shining Light {rElec rN++
                  | Int-3 Stlth+} (You found it in a Gauntlet)
 17735 | Gauntlet | Noticed a minotaur
 17739 | Gauntlet | Killed a minotaur
 17744 | Gauntlet | Got a polished fustibalus
 17784 | Gauntlet | Identified the cursed +1 fustibalus of Destruction {vorpal,
                  | rElec rPois Str+3 Int-3} (You found it in a Gauntlet)
 17814 | Lair:1   | Reached skill level 1 in Staves
 19008 | Lair:2   | Found a staircase to the Shoals.
 19680 | Lair:3   | Reached skill level 5 in Staves
 19680 | Lair:3   | Reached skill level 12 in Armour
 19832 | Lair:3   | Noticed a five-headed hydra
 19846 | Lair:3   | Killed a five-headed hydra
 19909 | Lair:3   | Reached skill level 10 in Fighting
 19942 | Lair:3   | Reached XP level 13. HP: 78/82 MP: 17/17
 21243 | Lair:4   | Got a jewelled long sword
 21244 | Lair:4   | Identified the +7 long sword of Eternal Harmony {freeze,
                  | MR+ Str+2 SInv} (You found it on level 4 of the Lair of
                  | Beasts)
 21538 | Lair:4   | Found a hole to the Spider Nest.
 21563 | Lair:4   | Reached skill level 1 in Throwing
 21624 | Lair:4   | Noticed Urug
 21653 | Lair:4   | Killed Urug
 22102 | Lair:4   | Reached skill level 5 in Throwing
 23196 | Lair:6   | Entered Level 6 of the Lair of Beasts
 24041 | Lair:5   | Paralysed by a hornet for 2 turns
 24406 | Lair:6   | Reached XP level 14. HP: 77/88 MP: 21/21
 25095 | Lair:6   | Found a viscous altar of Jiyva.
 25095 | Lair:6   | Found a staircase to the Slime Pits.
 25722 | Lair:6   | Reached skill level 13 in Armour
 26316 | Lair:6   | what
 26321 | Lair:6   | Reached skill level 10 in Dodging
 26733 | Lair:6   | Reached skill level 10 in Staves
 27523 | Orc:1    | Entered Level 1 of the Orcish Mines
 28197 | Orc:1    | Noticed an orc warlord
 28221 | Orc:1    | Killed an orc warlord
 28221 | Orc:1    | Reached XP level 15. HP: 95/95 MP: 22/22
 28475 | Orc:2    | Entered Level 2 of the Orcish Mines
 28602 | Orc:2    | Found a staircase to the Elven Halls.
 28707 | Orc:2    | Found Yczal's Weapon Boutique.
 29005 | Orc:2    | Noticed Saint Roka
 29041 | Orc:2    | Killed Saint Roka
 29561 | Orc:2    | Found a roughly hewn altar of Beogh.
 29860 | Orc:2    | Reached skill level 14 in Armour
 30153 | Orc:2    | Found Vitixox's General Store.
 30172 | Orc:2    | Found Neanecvast's Book Boutique.
 30187 | Orc:2    | Found Tiemiosu's Antique Weapon Boutique.
 30405 | Orc:2    | Found Plog's Antique Armour Boutique.
 30517 | Orc:2    | Bought a pair of embroidered gloves for 195 gold pieces
 30517 | Orc:2    | Bought a glowing plate armour for 676 gold pieces
 30870 | D:12     | Noticed Snorg
 30883 | D:12     | Killed Snorg
 32047 | D:13     | Found a gate to the Vaults.
 32172 | D:13     | Identified the ring "Nouxkuff" {rPois rC- Int+5 Slay+3
                  | SInv}
 33833 | D:14     | Cast into level 2 of the Abyss (a wizard)
 33834 | Abyss:2  | Upgraded the game from 0.25-a0-488-g03579ab4a3 to
                  | 0.25-a0-492-g44cc58d149
 34034 | Abyss:3  | Noticed a bone dragon
 34137 | Abyss:3  | Noticed a tentacled starspawn
 34146 | Abyss:3  | Killed a tentacled starspawn
 34359 | Abyss:3  | Reached XP level 16. HP: 93/103 MP: 23/23
 34369 | Abyss:3  | Noticed a tentacled starspawn
 34395 | Abyss:3  | Killed a tentacled starspawn
 34414 | D:14     | Escaped the Abyss
 34780 | D:14     | Identified Roxanne's Almanac of Transmutation
 34780 | D:14     | Noticed Roxanne
 35007 | D:15     | Entered Level 15 of the Dungeon
 35734 | D:15     | Found a staircase to the Depths.
 35770 | D:15     | Reached skill level 15 in Armour
 36034 | D:15     | Found Laidoleschau's Antique Weapon Shoppe.
 36036 | D:15     | Found Jaafuzo's Weapon Shoppe.
 36040 | D:15     | Found Ufaep's Distillery.
 36043 | D:15     | Found Onely's Antique Weapon Shoppe.
 36053 | D:15     | Noticed Rupert
 36067 | D:15     | Killed Rupert
 36206 | D:15     | Bought 2 potions of haste for 340 gold pieces
 36206 | D:15     | Bought a potion of heal wounds for 85 gold pieces
 36206 | D:15     | Bought a potion of ambrosia for 136 gold pieces
 37065 | D:15     | Bought an ivory lajatang for 640 gold pieces
 37065 | D:15     | Identified the cursed +0 lajatang "Yluito" {venom, rF+}
                  | (You bought it in a shop on level 15 of the Dungeon)
 37281 | Spider:1 | Entered Level 1 of the Spider Nest
 37819 | Spider:1 | You are sucked into a shaft and drop 1 floor!
 38457 | Spider:1 | You are sucked into a shaft and drop 1 floor!
 38458 | Spider:2 | fuck you
 39855 | Spider:2 | Reached XP level 17. HP: 110/110 MP: 25/25
 39900 | Spider:2 | Found a runed translucent gate.
 39900 | Spider:2 | Found a runed translucent gate.
 39900 | Spider:2 | Found a runed translucent gate.
 39902 | Spider:2 | Noticed Aizul
 39903 | Spider:2 | Noticed Rollo's ghost (adept TrMo)
 39928 | Spider:2 | Killed Aizul
 40442 | Spider:2 | Killed Rollo's ghost
 40638 | Spider:2 | Got a vibrating steel ring
 40640 | Spider:2 | Identified the ring of Dowora {Ice MP+9} (You found it on
                  | level 2 of the Spider Nest)
 40646 | Spider:2 | Got a vibrating bone amulet
 40648 | Spider:2 | Identified the amulet of the Barracuda {Inacc MP+9} (You
                  | found it on level 2 of the Spider Nest)
 42142 | Spider:4 | Entered Level 4 of the Spider Nest
 42158 | Spider:4 | Noticed Arachne
 42185 | Spider:4 | Killed Arachne
 42185 | Spider:4 | Reached skill level 16 in Armour
 42313 | Spider:4 | Reached skill level 10 in Evocations
 43419 | Spider:4 | Found a runed translucent gate.
 43419 | Spider:4 | Found a runed translucent gate.
 43419 | Spider:4 | Found a runed translucent gate.
 43419 | Spider:4 | Noticed Calas's ghost (adept MiGl)
 44883 | Spider:4 | Got a gossamer rune of Zot
 45167 | Vaults:1 | Entered Level 1 of the Vaults
 45379 | Vaults:1 | Reached XP level 18. HP: 105/118 MP: 22/26
 46086 | Vaults:1 | Reached skill level 15 in Fighting
 46162 | Vaults:1 | Found Vecsacve's Distillery.
 46182 | Vaults:1 | Bought a potion of heal wounds for 90 gold pieces
 46182 | Vaults:1 | Bought a potion of might for 72 gold pieces
 46182 | Vaults:1 | Bought a potion of heal wounds for 90 gold pieces
 46182 | Vaults:1 | Bought a potion of heal wounds for 90 gold pieces
 46247 | Vaults:1 | Reached skill level 15 in Dodging
 46443 | Vaults:1 | Reached skill level 17 in Armour
 47680 | Vaults:1 | Learned a level 1 spell: Animate Skeleton
 48007 | Vaults:1 | You are sucked into a shaft and drop 1 floor!
 48023 | Vaults:2 | Noticed Asterion
 48036 | Vaults:2 | Killed Asterion
 49062 | Vaults:2 | Reached XP level 19. HP: 125/125 MP: 27/27
 49437 | Vaults:2 | Reached skill level 18 in Armour
 49491 | Vaults:2 | Identified the +6 hand axe "Goblinbane" {elec, rPois rN+
                  | Str+4}
 50851 | Vaults:2 | Found a runed translucent door.
 50853 | Vaults:2 | Noticed Rov Woulue's ghost (adept MfTm)
 51776 | Vaults:2 | Killed Rov Woulue's ghost
 52031 | Vaults:2 | Identified the Grimoire of the Voyage and Intoxication
 52452 | Vaults:3 | Found a runed translucent gate.
 52452 | Vaults:3 | Found a runed translucent gate.
 52452 | Vaults:3 | Found a runed translucent gate.
 52453 | Vaults:3 | Found an opulent altar of Gozag.
 52453 | Vaults:3 | Found Tenwoopp's Assorted Antiques.
 52455 | Vaults:3 | Noticed Moutitz's ghost (adept MiFi)
 52864 | Vaults:3 | Reached XP level 20. HP: 126/132 MP: 27/29
 53871 | Vaults:3 | Reached skill level 19 in Armour
 54136 | Vaults:3 | Found a staircase to the Crypt.
 54136 | Vaults:3 | Found an ancient bone altar of Kikubaaqudgha.
 54137 | Vaults:3 | Found a basalt altar of Yredelemnul.
 54620 | Vaults:4 | Noticed Mennas
 54663 | Vaults:4 | Killed Mennas
 54938 | Vaults:4 | Noticed Donald
 54957 | Vaults:4 | Killed Donald
 56625 | Vaults:4 | Reached XP level 21. HP: 121/140 MP: 27/31
 56646 | Vaults:4 | Noticed Mara
 56719 | Vaults:4 | Killed Mara
 58591 | Vaults:4 | Noticed Sojobo
 59487 | Shoals:1 | Entered Level 1 of the Shoals
 60156 | Shoals:1 | Found Xissuamp's Armour Boutique.
 60486 | Shoals:2 | Found Rorun's Weapon Shoppe.
 60518 | Shoals:2 | Identified the ring of Anarchy {Ice rPois MR+ Int-3 Dex+3}
                  | (You found it on level 2 of the Shoals)
 60586 | Shoals:2 | Reached skill level 5 in Shields
 61055 | Shoals:2 | Found Zuytom's Assorted Antiques.
 61067 | Shoals:2 | Found Metzil's Mayhem Merchandise.
 61888 | Shoals:3 | Identified the +3 long sword of Vutunwuh {vorpal, rC+ Int+2
                  | SInv}
 63154 | Shoals:4 | Entered Level 4 of the Shoals
 63154 | Shoals:4 | Found a flickering gateway to a bazaar.
 63165 | Bazaar   | Entered a bazaar
 63166 | Bazaar   | Found Mumodedd's Weapon Shoppe.
 63173 | Bazaar   | Found Adadgh's Magic Scroll Emporium.
 63181 | Bazaar   | Found Dimim's General Store.
 63196 | Bazaar   | Found Meud's Armour Shoppe.
 63219 | Bazaar   | Bought a scroll of fog for 22 gold pieces
 63227 | Bazaar   | Bought a scroll of fog for 20 gold pieces
 63227 | Bazaar   | Bought a scroll of teleportation for 30 gold pieces
 63227 | Bazaar   | Bought a scroll of fog for 20 gold pieces
 63227 | Bazaar   | Bought a scroll of magic mapping for 35 gold pieces
 63390 | Shoals:4 | Got a warped whip
 63391 | Shoals:4 | Identified the +9 whip "Deixef" {antimagic, rF++} (You
                  | found it on level 4 of the Shoals)
 64158 | Shoals:4 | Got a barnacled rune of Zot
 64444 | Shoals:4 | Reached skill level 10 in Shields
 65437 | Depths:1 | Entered Level 1 of the Depths
 65437 | Depths:1 | Found Hykutones's Magic Scroll Emporium.
 65955 | D:15     | Found Jaafuzo's Weapon Shoppe.
 65955 | D:15     | Found Onely's Antique Weapon Shoppe.
 65956 | D:15     | Found Laidoleschau's Antique Weapon Shoppe.
 66727 | Depths:1 | Found a flickering gateway to a bazaar.
 66818 | Bazaar   | Entered a bazaar
 66820 | Bazaar   | Found Bite's Book Boutique.
 66824 | Bazaar   | Found Ysangesh's Weapon Boutique.
 66824 | Bazaar   | Found Dohakofa's Book Boutique.
 66825 | Bazaar   | Found Pawax's Magic Scroll Boutique.
 66840 | Bazaar   | Bought a scroll of teleportation for 42 gold pieces
 66840 | Bazaar   | Bought a scroll of teleportation for 42 gold pieces
 66840 | Bazaar   | Bought a scroll of enchant armour for 105 gold pieces
 66879 | Depths:1 | Found Opny's Assorted Antiques.
 66949 | Depths:1 | Reached XP level 22. HP: 146/146 MP: 32/32
 66981 | Depths:1 | Found Bontar's Gadget Shop.
 66992 | Depths:1 | Found Caust's Food Boutique.
 66993 | Depths:1 | Found Pano Noraho's Assorted Antiques.
 67605 | Depths:1 | Found Juppicw's Distillery.
 67613 | Depths:1 | Bought a scroll of teleportation for 84 gold pieces
 67613 | Depths:1 | Bought a scroll of fog for 56 gold pieces
 67616 | Depths:1 | Bought a potion of heal wounds for 85 gold pieces
 67616 | Depths:1 | Bought a potion of might for 68 gold pieces
 67635 | Depths:1 | Found Buawunup's Antique Armour Shop.
 67783 | Depths:1 | Bought a scroll of enchant armour for 82 gold pieces
 68276 | Depths:1 | Found a gateway to Hell.
 68359 | Depths:1 | Reached XP level 23. HP: 151/151 MP: 33/33
 69958 | Depths:2 | Reached skill level 15 in Shields
 70721 | Depths:2 | gaaah
 70823 | Depths:3 | Found a one-way gate to the infinite horrors of the Abyss.
 71150 | Depths:3 | Found a one-way gate leading to the halls of Pandemonium.
 71428 | Depths:3 | Noticed a juggernaut
 71486 | Depths:3 | Reached XP level 24. HP: 157/157 MP: 34/34
 71538 | Depths:3 | Killed a juggernaut
 72470 | Depths:3 | Identified the amulet "Didul" {+Rage Int+2} (You found it
                  | on level 3 of the Depths)
 72637 | Depths:3 | Reached skill level 20 in Armour
 73512 | Depths:4 | Noticed Boris
 73525 | Depths:4 | Killed Boris
 73525 | Depths:4 | Reached skill level 10 in Maces & Flails
 74658 | Depths:5 | Entered Level 5 of the Depths
 74707 | Depths:5 | Found Emazxumo's Book Boutique.
 74707 | Depths:5 | Found Dutz's Antique Weapon Shop.
 74712 | Depths:5 | Found Puin's Distillery.
 75189 | Depths:5 | Got a faintly humming kite shield
 75200 | Depths:5 | Identified the +0 kite shield "Egatzeh" {rElec rN+ Str+4
                  | Dex-3} (You found it on level 5 of the Depths)
 75877 | Depths:5 | Found a gateway to a ziggurat.
 76727 | Depths:5 | Noticed a juggernaut
 76764 | Depths:5 | Killed a juggernaut
 76764 | Depths:5 | Reached XP level 25. HP: 65/164 MP: 17/34
 77197 | Depths:5 | Found a gate to the Realm of Zot.
 77901 | Vaults:3 | Killed Sojobo
 78123 | Vaults:5 | Entered Level 5 of the Vaults
 78128 | Vaults:5 | Noticed Boris
 78279 | Vaults:5 | Reached skill level 21 in Armour
 78327 | Vaults:5 | Found Powk's Book Shop.
 78438 | Vaults:5 | Killed Boris
 79143 | Vaults:5 | Reached skill level 1 in Necromancy
 79300 | Vaults:5 | Learned a level 5 spell: Agony
 79305 | Vaults:5 | Learned a level 4 spell: Animate Dead
 79428 | Vaults:5 | Paralysed by a floating eye for 2 turns
 79714 | Vaults:5 | Got a silver rune of Zot
 80057 | Vaults:5 | Reached XP level 26. HP: 114/173 MP: 34/34
 80242 | Vaults:5 | Noticed an ancient lich
 80267 | Vaults:5 | Killed an ancient lich
 80437 | Vaults:5 | Identified the +1 robe of the Gate {Int+5}
 80509 | Vaults:5 | Reached skill level 5 in Necromancy
 80539 | Vaults:5 | Identified the +1 hunting sling of Uskayaw's Hope {freeze,
                  | rC+ Str+4 Dex+3}
 80824 | Vaults:5 | meh
 81117 | Vaults:5 | Identified the ring of the Disturbing Wars {*Contam *Drain
                  | Str+3 Int+8 Stlth+}
 81254 | Vaults:5 | Identified the +4 scimitar of Proximity {elec, Int+3 Dex+3
                  | Stlth-}
 81855 | Vaults:5 | Reached skill level 22 in Armour
 82513 | Elf:1    | Entered Level 1 of the Elven Halls
 82560 | Orc:2    | Learned a level 2 spell: Blink
 82805 | Elf:1    | Reached skill level 1 in Translocations
 83240 | Elf:1    | Identified the Disquisition on Creative Arcane Weapons
 83297 | Elf:1    | Found a portal to a secret trove of treasure.
 83371 | Elf:1    | Found Pymen's Antique Armour Emporium.
 83553 | Elf:1    | Found a runed translucent gate.
 83554 | Elf:1    | Found a runed translucent gate.
 83554 | Elf:1    | Found a runed translucent gate.
 83554 | Elf:1    | Noticed Neulin's ghost (veteran TrFi)
 83566 | Elf:1    | Found an iron altar of Okawaru.
 84163 | Orc:2    | Killed Neulin's ghost
 84638 | Elf:1    | Identified the +11 dire flail of Ecextais {vorpal, *Slow
                  | rPois rF+ rC++} (You found it on level 1 of the Elven
                  | Halls)
 84640 | Elf:1    | Identified a scroll of acquirement
 84866 | D:15     | Bought the +7 sceptre of Torment {pain, torment} for 3840
                  | gold pieces
 84866 | D:15     | Found the +7 sceptre of Torment {pain, torment}
 85250 | Elf:2    | Found a runed translucent door.
 85253 | Elf:2    | Noticed emiel's ghost (adept FoWn)
 85789 | Elf:2    | Found a runed translucent gate.
 85789 | Elf:2    | Found a runed translucent gate.
 85790 | Elf:2    | Found a runed translucent gate.
 85903 | Elf:3    | Entered Level 3 of the Elven Halls
 85941 | Elf:3    | Reached XP level 27. HP: 179/179 MP: 34/34
 86648 | Elf:3    | Found a runed translucent door.
 86648 | Elf:3    | Found a shimmering altar of Xom.
 86648 | Elf:3    | Identified the +4 glaive of Valiance {chaos, +Fly Dex+4}
 86648 | Elf:3    | Noticed Caider's ghost (adept HOFi)
 86694 | Elf:3    | Reached skill level 1 in Spellcasting
 87186 | Elf:3    | Reached skill level 10 in Necromancy
 87360 | Elf:3    | Identified the +5 morningstar of the Past {flame, *Slow rC+
                  | Str+4}
 87361 | Elf:3    | Identified the +8 scale mail "Zosetua" {MR+}
 87363 | Elf:3    | Identified the +9 hand crossbow of the Puffin {elec,
                  | *Contam rF+ Str+6}
 87634 | Elf:3    | Found the +0 sword of Power
 88131 | D:15     | Bought a potion of might for 68 gold pieces
 88274 | Depths:5 | Bought a potion of haste for 160 gold pieces
 88274 | Depths:5 | Bought 2 potions of resistance for 320 gold pieces
 88274 | Depths:5 | Bought a potion of haste for 160 gold pieces
 88274 | Depths:5 | Bought a potion of haste for 160 gold pieces
 88274 | Depths:5 | Bought a potion of might for 64 gold pieces
 88394 | Depths:1 | Bought a scroll of holy word for 82 gold pieces
 88394 | Depths:1 | Bought a scroll of fog for 22 gold pieces
 88430 | Depths:1 | Bought 2 potions of resistance for 340 gold pieces
 88690 | Shoals:2 | Bought a potion of haste for 370 gold pieces
 89039 | Zot:1    | Entered Level 1 of the Realm of Zot
 89049 | Depths:5 | Reached skill level 5 in Translocations
 89574 | Zot:1    | Learned a level 2 spell: Corpse Rot
 89670 | Zot:1    | Reached skill level 23 in Armour
 91419 | Orc:2    | Bought a book of Party Tricks for 650 gold pieces
 91421 | Orc:2    | Learned a level 1 spell: Summon Butterflies
 91760 | Zot:1    | Reached skill level 15 in Maces & Flails
 91982 | Zot:2    | Reached skill level 1 in Summonings
 94074 | Zot:3    | Noticed an orb of fire
 94184 | Zot:3    | Gained mutation: Armour fits poorly on your strangely
                  | shaped body. [an orb of fire]
 94213 | Zot:3    | Killed an orb of fire
 95188 | Zot:3    | Reached skill level 5 in Summonings
 95495 | Zot:3    | Reached skill level 5 in Spellcasting
 98477 | Depths:1 | Bought a scroll of enchant armour for 82 gold pieces
 99148 | Zot:5    | Entered Level 5 of the Realm of Zot
 99705 | Zot:5    | Reached skill level 15 in Necromancy
101084 | Zot:5    | Noticed an orb of fire
101090 | Zot:5    | Noticed an orb of fire
101850 | Zot:4    | Gained mutation: You occasionally shout uncontrollably at
                  | your foes. [an orb of fire]
101851 | Zot:4    | Gained mutation: You sometimes yell uncontrollably at your
                  | foes. [an orb of fire]
101874 | Zot:4    | Killed an orb of fire
102925 | Zot:2    | Lost mutation: You sometimes yell uncontrollably at your
                  | foes. [potion of mutation]
102925 | Zot:2    | Lost mutation: Armour fits poorly on your strangely shaped
                  | body. [potion of mutation]
102925 | Zot:2    | Lost mutation: You occasionally shout uncontrollably at
                  | your foes. [potion of mutation]
102925 | Zot:2    | Gained mutation: Your magical capacity is low. (-10% MP)
                  | [potion of mutation]
102925 | Zot:2    | Gained mutation: You have a pair of small antennae on your
                  | head. [potion of mutation]
102925 | Zot:2    | Gained mutation: You are resistant to hostile enchantments.
                  | (MR+) [potion of mutation]
103138 | Zot:5    | Noticed an ancient lich
103152 | Zot:5    | Killed an ancient lich
103571 | Zot:5    | Noticed an orb of fire
103586 | Zot:5    | Gained mutation: You are weak. (Str -2) [an orb of fire]
103587 | Zot:5    | Killed an orb of fire
103608 | Zot:5    | Noticed a juggernaut
103608 | Zot:5    | a Killer Klown changed into a juggernaut
103614 | Zot:5    | Killed a juggernaut
103818 | Zot:5    | Reached skill level 24 in Armour
103992 | Zot:5    | Upgraded the game from 0.25-a0-492-g44cc58d149 to
                  | 0.25-a0-502-g6516661a7a
103994 | Zot:5    | Got the Orb of Zot
104078 | Zot:5    | Noticed an ancient lich
104097 | Zot:4    | Killed an ancient lich
104530 | Depths:1 | Noticed Boris
104546 | Depths:1 | Killed Boris
105235 | D:6      | Noticed Boris
105239 | D:5      | Noticed Fitrel the pandemonium lord
105358 | D:$      | Escaped with the Orb!

Levels and vault maps discovered:
D:1:      moated_graveyard_arrival, layout_basic, kennysheep_doodads
D:2:      layout_loops_ring, marbit_many_paths, lemuel_crystal_altar,
          kennysheep_boxes
D:3:      layout_loops_corners, old_standard_altar, lightli_temple_of_fire,
          first_ration
D:4:      layout_loops_ring, tso_oasis_becter, trog_butcher_becter
D:5:      layout_basic, minmay_temple_entry_mist, uniq_crazy_yiuf_cottage,
          uniq_menkaure, uniq_prince_ribbit1
D:6:      layout_rooms
D:7:      layout_basic, the_bakery, kennysheep_pointless_box, uniq_pikel,
          uniq_maggie
D:8:      layout_basic, kennysheep_mini_moat, serial_corexii_hall,
          chequers_hall_statues_wall_a, corexii_hall_statues_i
D:9:      layout_irregular_city, orc_0_dummy, serial_column_ruins,
          column_ruins_open_small, column_ruins_grid_1, column_ruins_grid_2,
          column_ruins_corridor_plus, column_ruins_corridor_plus,
          nicolae_wand_duel, nemelex_spade_bored_becter
D:10:     layout_long_grid, erik_lair_island, serial_glass, glass_columns_a,
          glass_columns_c, glass_columns_a, glass_columns_a, glass_columns_b,
          glass_columns_b, glass_columns_a, glass_columns_a,
          minmay_misc_feat_columns, eino_tiny_chamber
D:11:     layout_loops_ring
D:12:     layout_layer_cave, uniq_snorg
D:13:     minmay_the_grid_four_pointed_star
          [minmay_the_grid_triangle_9x9_descending_squares,
          minmay_the_grid_triangle_9x9_sprig,
          minmay_the_grid_triangle_9x9_stretched_checkered,
          minmay_the_grid_triangle_9x9_skeleton,
          minmay_the_grid_prize_diamond_cup], layout_loops_ring,
          minmay_misc_feat_ornament
D:14:     layout_loops_ring, chequers_avenue, uniq_roxanne
D:15:     gammafunk_depths_entry_grave, layout_grid_maze, serial_glass,
          glass_columns_a, glass_columns_b, minmay_misc_feat_alley,
          minmay_shop_grid_forest, uniq_rupert
Lair:1:   layout_roguey, gauntlet_entry_generic
Lair:2:   layout_misc_corridors, minmay_shoals_entry_hut,
          grunt_forest_stairs_basic, grunt_megastairs_4
Lair:3:   layout_small_grid, serial_bayou_shore_a, infiniplex_staircase_pool
Lair:4:   layout_gridlike, spider_nest_entry_web_field, uniq_urug
Lair:5:   layout_concentric_octagons, chequers_serial_rivers_micro_d,
          lemuel_fruit_fields
Lair:6:   hangedman_lair_caniforms_friends, layout_regular_city,
          hangedman_lair_tendril_chambers, slime_altar_1, lemuel_fruit_fields
Shoals:1: layout_shoals, serial_shops, shop
Shoals:2: layout_shoals, serial_shops, nicolae_shop_overgrown_old_shop,
          nicolae_shop_statue_plus, minmay_shop_mayhem
Shoals:3: layout_shoals
Shoals:4: shoals_end_simple, layout_shoals, serial_shops, bzr_entry_dummy,
          nicolae_shoals_square_sea_wall
Spider:1: layout_spider_delve
Spider:2: layout_spider_delve, gammafunk_ghost_split, uniq_aizul
Spider:3: layout_spider_delve, nicolae_spider_webs_and_nodes
Spider:4: spider_rune_water, ebering_ghost_rock_garden, uniq_arachne
Orc:1:    layout_caves
Orc:2:    grunt_orc_cross, layout_diamond_mine, serial_shops,
          nicolae_shop_waterfront, nicolae_orc_damp_corner
Elf:1:    minmay_elf_arrival_plus, layout_geoelf_octagon, serial_shops, shop,
          nicolae_trove_entry_columns, gammafunk_ghost_fury_of_okawaru,
          minmay_elf_sorcery
Elf:2:    layout_geoelf_diagonals, ebering_ghost_reflecting_pool, uniq_agnes
Elf:3:    minmay_elf_hall, layout_loops_corners, ebering_ghost_xom
Vaults:1: vaults_mumra_chevron_long, vaults_room_door_ring, v_misc_4,
          vaults_dpeg_hooks, vaults_room_pools,
          hangedman_vaults_stretched_pinwheel, grunt_vaults_bifocal,
          nicolae_vaults_network_s, ontoclasm_vaults_idyll, v_misc_27,
          ontoclasm_vaults_pinch, grunt_vaults_hallway_long,
          nicolae_vaults_asterisk, vaults_dpeg_cross, layout_vaults_ring,
          serial_shops, shop
Vaults:2: gammafunk_vaults_ghost_grave, hangedman_vaults_stitches,
          ontoclasm_vaults_decontamination, nicolae_vaults_border_crossing,
          v_misc_13, v_pattern_2, v_misc_3, v_misc_3, nicolae_vaults_little_ls,
          vaults_mumra_minichess_inversion, ontoclasm_vaults_ring_square,
          layout_vaults_omnibox, uniq_asterion
Vaults:3: ebering_vaults_ghost_gozag, ontoclasm_vaults_fault,
          minmay_crypt_entry_necro_gods, v_misc_10,
          ontoclasm_vaults_ring_square, hangedman_vaults_cutoff,
          nicolae_vaults_mini_display_case, v_misc_13, grunt_vaults_twisty,
          v_pattern_1, vaults_room_pools, nicolae_vaults_big_ls,
          vaults_dpeg_diagonal, layout_vaults_quadrants
Vaults:4: v_misc_24, nicolae_vaults_twisting_passages, v_misc_30,
          grunt_vaults_swirl, vaults_room_ringed_pool,
          nicolae_vaults_ninety_degrees, nicolae_vaults_three_branches,
          vaults_room_octagon, vaults_mumra_hex, v_misc_17,
          nicolae_vaults_specimen_jars, grunt_vaults_hallway_short, v_misc_22,
          nicolae_vaults_little_squares_4, layout_vaults_maze_bifur,
          uniq_sojobo, uniq_mennas, uniq_donald, uniq_mara
Vaults:5: serial_shops
Depths:1: layout_cave_shapes, serial_shops, bzr_entry_gold, shop, shop_statue,
          nicolae_shop_statue_plus, hellmouth_1, chequers_serial_rivers_micro_d,
          drop_trap, nooodl_food_tri, minmay_shoptagon
Depths:2: mu_elephants_graveyard, layout_cave_pools, hell_entry,
          solitary_fountain, minmay_misc_feat_tiny, uniq_saint_roka
Depths:3: kennysheep_four_of_diamonds, layout_basic, rand_demon_pan_entry_5,
          abyss_entry, hangedman_glass_teeth, hell_entry,
          onia_ninara_dug_in_and_dangerous
Depths:4: minmay_angry_zag, layout_twisted_cross, abyss_entry_small_statue_room,
          serial_sigils, serial_sigils_hangedman_leer,
          serial_sigils_hangedman_gut, serial_sigils_hangedman_shear,
          serial_sigils_hangedman_gnaw, pf_vacation_house_of_asmodeus,
          nrook_mini_backslash, kennysheep_generic_room_7,
          infiniplex_staircase_pillars_2, uniq_boris
Depths:5: grunt_zot_entry_pinwheel, layout_basic, enter_ziggurat_f,
          minmay_misc_feat_nine_boxes, hell_entry, minmay_shop_star
Zot:1:    layout_gridlike
Zot:2:    layout_cathedral_of_symmetry
Zot:3:    layout_cathedral_of_symmetry, st_stairs_4
Zot:4:    layout_cathedral_of_symmetry
Zot:5:    layout_misc_corridors, grunt_ministairs_12

Skill      XL: |  1  2  3  4  5  6  7  8  9 10 11 12 13 14 15 16 17 18 19 20 21 22 23 24 25 26 27 |
---------------+----------------------------------------------------------------------------------+-----
Dodging        | 2 3 4 5 6 8 9 10 12 13 14 15 16 17 18 19 20 21 23 | 23.2
Fighting       | 2 3 4 5 6 8 10 11 12 13 14 15 16 17 18 19 20 22 | 22.2
Polearms       | 3 4 5 6 7 |  7.6
Armour         | 2 3 5 7 9 10 11 12 13 14 15 16 17 18 19 20 21 22 24 | 24.2
Maces & Flails | 2 6 8 9 12 14 17 | 17.8
Evocations     | 5 8 9 10 12 14 | 14.0
Staves         | 6 7 10 11 12 | 12.1
Throwing       | 5 8 |  8.0
Shields        | 11 14 15 | 15.0
Necromancy     | 3 9 15 | 15.0
Translocations | 3 5 |  5.0
Spellcasting   | 5 |  5.0
Summonings     | 5 |  5.0
Bows           | |  2.1
Stealth        | |  2.0

Action                   |  1- 3 |  4- 6 |  7- 9 | 10-12 | 13-15 | 16-18 | 19-21 | 22-24 | 25-27 || total
-------------------------+-------+-------+-------+-------+-------+-------+-------+-------+-------++-------
Melee: Spear             |    93 |    53 |       |       |       |       |       |       |       ||   146
       Kick              |     8 |    31 |   108 |   193 |   479 |   637 |   867 |   811 |  1322 ||  4456
       Peck              |    11 |    16 |    50 |   147 |   305 |   386 |   539 |   523 |   804 ||  2781
       Trident           |       |    97 |   378 |       |       |       |       |       |       ||   475
       Morningstar       |       |       |    30 |   186 |       |       |       |       |       ||   216
       Quarterstaff      |       |       |       |   396 |  1227 |  1304 |  1136 |       |       ||  4063
       Demon whip        |       |       |       |       |       |       |   804 |  1533 |  1762 ||  4099
       Eveningstar       |       |       |       |       |       |       |       |       |   892 ||   892
 Fire: Hunting sling     |       |       |    23 |       |       |       |       |       |       ||    23
Throw: Stone             |    40 |     7 |     5 |     7 |    34 |     2 |       |       |       ||    95
       Boomerang         |       |       |     6 |     2 |       |       |    40 |    54 |    70 ||   172
       Javelin           |       |       |       |     9 |     4 |       |     9 |       |    62 ||    84
       Dart              |       |       |       |       |       |   138 |     1 |       |    25 ||   164
 Cast: Blink             |       |       |       |       |       |       |       |       |     1 ||     1
 Abil: Fly               |       |     1 |       |       |       |       |     2 |     4 |     4 ||    11
       Stop Flying       |       |       |       |       |       |       |     2 |     4 |     4 ||    10
Evoke: Wand              |       |       |     2 |     2 |     3 |     5 |     8 |    13 |    17 ||    50
       Lamp of fire      |       |       |       |       |       |       |       |     1 |       ||     1
  Use: Potion            |       |       |     4 |     4 |     1 |     4 |     8 |     5 |    24 ||    50
       Scroll            |       |       |    15 |     8 |     8 |     9 |    19 |     6 |    25 ||    90
 Stab: Sleeping          |     1 |       |       |       |       |       |       |       |       ||     1
       Paralysed         |       |       |       |       |     5 |       |       |       |       ||     5
       Distracted        |       |       |       |       |       |       |       |       |     1 ||     1
  Eat: Chunk             |     2 |     9 |    14 |    44 |    43 |    37 |    39 |    28 |    49 ||   265
       Ration            |       |       |     1 |     1 |       |     1 |     5 |     1 |    13 ||    22
Armor: Ring mail         |    19 |     1 |       |       |       |       |       |       |       ||    20
       Scale mail        |       |     4 |       |       |       |       |       |       |       ||     4
       Chain mail        |       |    52 |   165 |       |       |       |       |       |       ||   217
       Plate armour      |       |       |       |   369 |   560 |   413 |   555 |   385 |   593 ||  2875
Dodge: Dodged            |    34 |    60 |   207 |   281 |   676 |   857 |  1084 |   505 |  1034 ||  4738
Block: Kite shield       |       |       |       |       |       |       |   201 |   514 |  1062 ||  1777
       Reflection        |       |       |       |       |       |       |     9 |    40 |    84 ||   133

Table legend:
 A = Non-vault XP
 B = Vault XP
 C = Vault XP percentage of total XP
 D = Non-vault monster count
 E = Vault monster count
 F = Vault count percentage of total count
                 A         B        C        D         E       F
            +---------+---------+-------+---------+---------+-------
      Total |  933869 |  687585 |  42.4 |    1711 |     653 |  27.6
            +---------+---------+-------+---------+---------+-------
        D:1 |      39 |       0 |   0.0 |      23 |       0 |   0.0
        D:2 |      66 |      13 |  16.5 |      19 |       1 |   5.0
        D:3 |     281 |       0 |   0.0 |      24 |       0 |   0.0
        D:4 |     641 |      12 |   1.8 |      24 |       4 |  14.3
        D:5 |    1011 |     475 |  32.0 |      37 |       3 |   7.5
        D:6 |     853 |       0 |   0.0 |      24 |       0 |   0.0
        D:7 |     999 |    1242 |  55.4 |      31 |       3 |   8.8
        D:8 |    1610 |       0 |   0.0 |      19 |       0 |   0.0
        D:9 |    3094 |       0 |   0.0 |      26 |       0 |   0.0
       D:10 |    1796 |     665 |  27.0 |      23 |       8 |  25.8
       D:11 |    4167 |       0 |   0.0 |      21 |       0 |   0.0
       D:12 |    4446 |    1134 |  20.3 |      35 |       1 |   2.8
       D:13 |    6856 |    5906 |  46.3 |      26 |      16 |  38.1
       D:14 |    6303 |       0 |   0.0 |      26 |       0 |   0.0
       D:15 |   21835 |    6819 |  23.8 |      43 |       9 |  17.3
     Lair:1 |    1424 |       0 |   0.0 |       7 |       0 |   0.0
     Lair:2 |    4887 |     250 |   4.9 |      26 |       1 |   3.7
     Lair:3 |    5558 |       0 |   0.0 |      25 |       0 |   0.0
     Lair:4 |   10707 |     847 |   7.3 |      34 |       1 |   2.9
     Lair:5 |    7228 |    2127 |  22.7 |      19 |       6 |  24.0
     Lair:6 |   10385 |   18175 |  63.6 |      39 |      84 |  68.3
   Shoals:1 |    8959 |       0 |   0.0 |      17 |       0 |   0.0
   Shoals:2 |   15805 |       0 |   0.0 |      33 |       0 |   0.0
   Shoals:3 |   17090 |       0 |   0.0 |      40 |       0 |   0.0
   Shoals:4 |    7162 |   22730 |  76.0 |      14 |      34 |  70.8
   Spider:1 |   14907 |       0 |   0.0 |      44 |       0 |   0.0
   Spider:2 |   11937 |    6419 |  35.0 |      35 |       9 |  20.5
   Spider:3 |    7803 |       0 |   0.0 |      19 |       0 |   0.0
   Spider:4 |   15793 |   26771 |  62.9 |      32 |      42 |  56.8
      Orc:1 |    5455 |       0 |   0.0 |      46 |       0 |   0.0
      Orc:2 |    1697 |   20943 |  92.5 |       5 |      43 |  89.6
      Elf:1 |   30204 |   14821 |  32.9 |      50 |      19 |  27.5
      Elf:2 |   16610 |    1799 |   9.8 |      28 |       2 |   6.7
      Elf:3 |   22427 |   51084 |  69.5 |      39 |      31 |  44.3
   Vaults:1 |   57547 |    8436 |  12.8 |     102 |      16 |  13.6
   Vaults:2 |   43920 |   32463 |  42.5 |      93 |      35 |  27.3
   Vaults:3 |   44737 |   21020 |  32.0 |      80 |      24 |  23.1
   Vaults:4 |   23971 |   41364 |  63.3 |      39 |      31 |  44.3
   Vaults:5 |   42953 |  146645 |  77.3 |      45 |     103 |  69.6
   Depths:1 |   38965 |    5701 |  12.8 |      65 |       9 |  12.2
   Depths:2 |   51865 |   26435 |  33.8 |      63 |      21 |  25.0
   Depths:3 |   21642 |   35832 |  62.3 |      29 |      26 |  47.3
   Depths:4 |   26930 |   15790 |  37.0 |      35 |      12 |  25.5
   Depths:5 |   39828 |   23693 |  37.3 |      34 |      14 |  29.2
      Zot:1 |   47524 |       0 |   0.0 |      32 |       0 |   0.0
      Zot:2 |   49365 |       0 |   0.0 |      29 |       0 |   0.0
      Zot:3 |   71496 |    9444 |  11.7 |      43 |       3 |   6.5
      Zot:4 |   53097 |   28757 |  35.1 |      32 |       6 |  15.8
      Zot:5 |   37256 |  105125 |  73.8 |      19 |      28 |  59.6
    Abyss:2 |    1467 |       0 |   0.0 |       3 |       0 |   0.0
    Abyss:3 |   11271 |       0 |   0.0 |      15 |       0 |   0.0
   Gauntlet |       0 |    4648 | 100.0 |       0 |       8 | 100.0
            +---------+---------+-------+---------+---------+-------
